 Dungeon Crawl Stone Soup version 0.30-a0-43-gbbf338a72c (webtiles) character file.

Game seed: 11286124876799762018

1427 LnG the Cleaver (level 8, 0/71 HPs)
             Began as a Hill Orc Fighter on Aug 31, 2022.
             Was a Believer of Okawaru.
             Slain by an orc priest
             ... wielding a +0 flail
              (5 damage)
             ... on level 5 of the Dungeon.
             The game lasted 00:23:35 (6742 turns).

LnG the Cleaver (Hill Orc Fighter)                  Turns: 6742, Time: 00:23:36

Health: 0/71       AC:  8    Str: 21    XL:     8   Next: 72%
Magic:  8/8        EV:  6    Int:  8    God:    Okawaru [**....]
Gold:   258        SH: 12    Dex: 10    Spells: 7/7 levels left

rFire   . . .      SeeInvis .    a - +0 war axe
rCold   . . .      Faith    .    s - +0 tower shield
rNeg    . . .      Spirit   .    b - +0 scale mail
rPois   .          Reflect  .    m - +0 helmet
rElec   .          Harm     .    (no cloak)
rCorr   .          Rampage  .    (no gloves)
Will    .....                    (no boots)
Stlth   ..........               (no amulet)
HPRegen 0.21/turn                n - ring of flight
MPRegen 0.11/turn                (no ring)

@: flying
A: no striking features
a: Renounce Religion, Convert to Beogh, Heroism


You were on level 5 of the Dungeon.
You worshipped Okawaru.
Okawaru was pleased with you.
You visited 2 branches of the dungeon, and saw 6 of its levels.
You also visited: Sewer.

You collected 258 gold pieces.

Inventory:

Hand Weapons
 a - a +0 war axe (weapon)
 p - a +1 vampiric scythe
Missiles
 d - 5 boomerangs (quivered)
Armour
 b - a +0 scale mail (worn)
 m - a +0 helmet (worn)
 s - a +0 tower shield (worn)
Jewellery
 l - an amulet of magic regeneration
 n - a ring of flight (left hand)
 x - a ring of protection from cold
Scrolls
 c - a scroll of amnesia {unknown}
 e - 2 scrolls of noise
 f - a scroll of summoning {unknown}
 i - a scroll of immolation {unknown}
 t - a scroll of butterflies {unknown}
 u - a scroll of teleportation {unknown}
 v - a scroll of silence {unknown}
Potions
 g - 4 potions of brilliance
 h - a potion of resistance
 j - a potion of curing {unknown}
 k - a potion of degeneration {unknown}
 o - 2 potions of cancellation
 q - 2 potions of mutation
 r - 3 potions of haste


   Skills:
 + Level 6.5 Fighting
 + Level 9.0 Axes
 + Level 6.2 Armour
 + Level 1.5 Dodging
 + Level 0.5 Stealth
 + Level 5.3 Shields
 + Level 0.1 Invocations


You had 7 spell levels left.
You didn't know any spells.
Your spell library contained the following spells:

 Spells                   Type           Power      Damage    Failure   Level
 Apportation              Tloc           0%         N/A       100%        1
 Freeze                   Ice            0%         1d3       100%        1
 Necrotise                Necr           0%         1d4       100%        1
 Frozen Ramparts          Ice            0%         1d1       100%        3
 Hailstorm                Conj/Ice       0%         3d3       100%        4
 Summon Small Mammal      Summ           Unusable   N/A       N/A         1

Dungeon Overview and Level Annotations

Branches:
Dungeon (5/15)             Temple (1/1) D:4           Sewer (visited)

Altars:
Cheibriados
Dithmenos
Fedhas
Gozag
Makhleb
Nemelex Xobeh
Okawaru
Qazlal
Ru
Sif Muna
Trog
Uskayaw
Vehumet
Wu Jian
Xom
Yredelemnul
Zin
The Shining One

Shops:
D:5 [[

Annotations:
D:5 Edmund


Message History

You hit the scorpion but do no damage.
The scorpion is almost dead.
The scorpion barely misses you. You block the orc's attack.
The scorpion stings you but does no damage.
You closely miss the scorpion.
The scorpion is almost dead.
The orc hits you but does no damage. You block the scorpion's attack.
The orc hits you from afar with a +0 trident!
You hit the scorpion.
The scorpion is almost dead.
You block the scorpion's attack.
The orc hits you from afar with a +0 trident.
The scorpion closely misses you.
You barely miss the scorpion.
The scorpion is almost dead.
The scorpion stings you. The orc barely misses you.
You block the scorpion's attack. The orc barely misses you.
You hit the scorpion.
You kill the scorpion!
Okawaru accepts your kill.
The orc hits you from afar with a +0 trident.
* * * LOW HITPOINT WARNING * * *
Your Axes skill increases to level 9!
You block the orc priest's attack. The orc hits you with a +0 trident.
* * * LOW HITPOINT WARNING * * *
Items here: )) ††.
The orc priest shouts, "Join the one true god or die!"
You hit the orc.
The orc is almost dead.
You closely miss the orc priest.
The orc priest hits you with a +0 flail!
* * * LOW HITPOINT WARNING * * *
The orc hits you with a +0 trident.
* * * LOW HITPOINT WARNING * * *
You hit the orc.
You kill the orc!
Okawaru accepts your kill.
You hit the orc priest.
The orc priest hits you with a +0 flail.
You die...

#..##...### ###......... #..
#...## #..........#
#...#....####...........#
....#...)..#.....#.......
.................#.......
###......#....##.#..#..#
###...##.......#.....# .#
##....###..#.).#..##.. (..
.##.....#....#.#@#...####...
.............###)o..........
..##.......####............#
.# ##.......# ##..(......# .
#.....÷..## ##.....#...#
.......#....####.....# ..#
#...................##...
#.....###................#
##.... #...............##


You could see an orc priest.

Vanquished Creatures
  Grinder (D:4)
  Sigmund (D:3)
  A water moccasin (D:3)
  2 black bears (D:4)
  A kobold brigand (Sewer)
  A necrophage (D:4)
  2 scorpions
  A howler monkey (D:4)
  3 iguanas (D:5)
  An orc wizard (D:5)
  Robin (D:2)
  4 gnolls (D:4)
  11 adders
  8 river rats (Sewer)
  2 worms (D:2)
  2 dart slugs
  18 orcs
  7 bats
  7 endoplasms
  4 giant cockroaches (D:3)
  13 goblins
  10 hobgoblins
  7 jackals (D:1)
  4 quokkas
  12 ball pythons
  6 frilled lizards
  23 kobolds
  24 rats
177 creatures vanquished.

Vanquished Creatures (others)
  2 plants
2 creatures vanquished.

Grand Total: 179 creatures vanquished

Notes
Turn   | Place    | Note
-------+----------+-------------------------------------------
     0 | D:1      | LnG the Hill Orc Fighter began the quest for the Orb.
     0 | D:1      | Reached XP level 1. HP: 19/19 MP: 1/1
   233 | D:1      | Reached XP level 2. HP: 27/27 MP: 2/2
   332 | D:1      | Reached skill level 3 in Axes
   974 | D:1      | Reached XP level 3. HP: 28/33 MP: 3/3
  2106 | D:2      | Noticed Robin
  2150 | D:2      | Killed Robin
  2151 | D:2      | Reached XP level 4. HP: 19/40 MP: 4/4
  2162 | D:2      | Reached skill level 4 in Axes
  2583 | D:3      | Found an iron altar of Okawaru.
  2593 | D:3      | Became a worshipper of Warmaster Okawaru
  2694 | D:3      | Found a glowing drain.
  2761 | D:3      | Reached XP level 5. HP: 32/47 MP: 5/5
  2849 | Sewer    | Entered a sewer
  2893 | Sewer    | Reached skill level 5 in Axes
  2905 | Sewer    | Noticed a kobold brigand
  2923 | Sewer    | HP: 1/47 [kobold brigand/+0 whip (4)]
  2924 | Sewer    | Killed a kobold brigand
  3271 | Sewer    | Reached XP level 6. HP: 49/53 MP: 6/6
  3279 | Sewer    | Reached skill level 6 in Axes
  4161 | D:3      | Found a blossoming altar of Fedhas.
  4228 | D:3      | Noticed Sigmund
  4241 | D:3      | Killed Sigmund
  4241 | D:3      | Reached * piety under Okawaru
  4242 | D:3      | Reached skill level 5 in Fighting
  4242 | D:3      | Reached skill level 7 in Axes
  4242 | D:3      | Reached XP level 7. HP: 56/61 MP: 7/7
  4782 | D:4      | Found a snail-covered altar of Cheibriados.
  4842 | D:4      | Identified the +1 leather armour of Wariness {rF+ Int+4}
  4867 | D:4      | Found a hide-covered altar of Uskayaw.
  4879 | D:4      | Reached skill level 5 in Armour
  5071 | D:4      | Found a stormy altar of Qazlal.
  5135 | D:4      | Found a staircase to the Ecumenical Temple.
  5151 | D:4      | Reached skill level 8 in Axes
  5151 | D:4      | Reached skill level 1 in Dodging
  5178 | Temple   | Entered the Ecumenical Temple
  5247 | D:4      | Noticed Grinder
  5253 | D:4      | Paralysed by Grinder for 5 turns
  5263 | D:4      | Paralysed by Grinder for 4 turns
  5270 | D:4      | Paralysed by Grinder for 4 turns
  5277 | D:4      | Killed Grinder
  5277 | D:4      | Reached ** piety under Okawaru
  5278 | D:4      | Reached XP level 8. HP: 28/70 MP: 8/8
  5507 | D:4      | Reached skill level 5 in Shields
  5796 | D:4      | Found a glowing golden altar of the Shining One.
  6107 | D:5      | Entered Level 5 of the Dungeon
  6107 | D:5      | Found Ulog's Armour Shoppe.
  6488 | D:5      | Found Xeraoja's Antique Armour Boutique.
  6715 | D:5      | Noticed Edmund
  6740 | D:5      | Reached skill level 9 in Axes
  6742 | D:5      | Slain by an orc priest

Illustrated notes

Levels and vault maps discovered:
D:1:      onia_arrival_mini_maze_b, layout_loops_ring, supply_closet_lemuel
D:2:      layout_loops_ring, uniq_robin
D:3:      layout_basic, okawaru_metal_pillars_1_2, fedhas_altar_4,
          gup_sewer_entry_glass, kennysheep_cross_room, uniq_sigmund
D:4:      layout_rooms, amcnicky_altar_gilded,
          mainiacjoe_overflow_large_starburst, tso_oasis_becter,
          minmay_temple_entry_junction_2, minmay_bent, uniq_grinder
D:5:      layout_cave_pools, serial_shops, nicolae_shop_statue_plus,
          kennysheep_mini, shop, nicolae_stop_n_shop_2, uniq_edmund
Temple:   hellmonk_temple_two_chambers

Skill      XL: |  1  2  3  4  5  6  7  8 |
---------------+-------------------------+-----
Axes           | 3 4 5 7 8 9 |  9.0
Fighting       | 4 5 6 |  6.5
Armour         | 4 5 6 |  6.2
Shields        | 4 5 |  5.3
Dodging        | 1 |  1.5
Stealth        | |  0.5
Invocations    | |  0.1

Action                   |  1- 3 |  4- 6 |  7- 9 || total
-------------------------+-------+-------+-------++-------
Melee: War axe           |   136 |   189 |   155 ||   480
Invok: Heroism           |       |       |     1 ||     1
  Use: Scroll            |     1 |     2 |     2 ||     5
       Potion            |       |     1 |     4 ||     5
Armor: Scale mail        |    57 |   108 |    87 ||   252
Dodge: Dodged            |    75 |   107 |    53 ||   235
Block: Buckler           |    31 |    40 |       ||    71
       Tower shield      |       |       |   129 ||   129

Table legend: (Time is in decaauts)
 A = Elapsed time spent in this place.
 B = Non-inter-level travel time spent in this place.
 C = Inter-level travel time spent in this place.
 D = Time resting spent in this place.
 E = Time spent auto-exploring this place.
 F = Levels seen in this place.
 G = Mean time per level.
                   A        B        C        D        E       F      G
               +--------+--------+--------+--------+--------+-----+--------+
         Total |   6912 |   6858 |     54 |   2505 |   1620 |   7 |  987.4 |
       Dungeon |   5614 |   5560 |     54 |   1865 |   1533 |   5 | 1122.8 |
        Temple |     21 |     21 |      0 |      0 |      0 |   1 |   21.0 |
         Sewer |   1275 |   1275 |      0 |    640 |     87 |   1 | 1275.0 |
               +--------+--------+--------+--------+--------+-----+--------+

Top non-repeatable levels by time:
     D:1: 1351 daAuts
     D:4: 1339 daAuts
   Sewer: 1275 daAuts
     D:2: 1163 daAuts
     D:3: 1103 daAuts
     D:5: 656 daAuts
  Temple: 21 daAuts
